3AA
FT. POLK SOUTH THUNDER HAWKS @ SALEM MISFITS
07/20/2020
 
TOP OF THE 1ST
Ft. Polk South Thunder Hawks batting - Pitching for Salem Misfits : RHP Bartolo Ramírez
Pitching: RHP Bartolo Ramírez
Batting: RHB Jim Unknown 0-0: Called Strike
0-1: Swinging Strike
0-2: Ball
1-2: Ball
2-2: Ball
3-2: Foul Ball, location: 2F
3-2: Base on Balls
Batting: RHB Steven Grant 0-0: Called Strike
0-1: Swinging Strike
0-2: Strikes out looking
Batting: RHB Aurelio Annunziato 0-0: Called Strike
0-1: Swinging Strike
0-2: Ball
1-2: Ball
2-2: Strikes out swinging
Batting: SHB Ted Hansen 0-0: Fly out, F8 (Flyball, 78XD)
Top of the 1st over - 0 run(s), 0 hit(s), 0 error(s), 1 left on base; Ft. Polk South 0 - Salem 0
BOTTOM OF THE 1ST
Salem Misfits batting - Pitching for Ft. Polk South Thunder Hawks : RHP Larry Neal
Pitching: RHP Larry Neal
Batting: SHB Alonso Márquez 0-0: Ball
1-0: Ground out 4-3 (Groundball, 4M)
Batting: LHB Micheal Garren 0-0: Ball
1-0: Foul Ball, location: 2F
1-1: Ball
2-1: Fly out, F6 (Popup, 4MD)
Batting: RHB António Martínez 0-0: Ball
1-0: Ball
2-0: Called Strike
2-1: Ball
3-1: Base on Balls
Batting: LHB Júlio Valentín 0-0: Called Strike
António Martínez steals 2nd base
0-1: Foul Ball, location: 2F
0-2: Ball
1-2: Strikes out swinging
Bottom of the 1st over - 0 run(s), 0 hit(s), 0 error(s), 1 left on base; Ft. Polk South 0 - Salem 0
TOP OF THE 2ND
Ft. Polk South Thunder Hawks batting - Pitching for Salem Misfits : RHP Bartolo Ramírez
Batting: LHB José López 0-0: Called Strike
0-1: Ground out 6-3 (Groundball, 6)
Batting: SHB Paul Wright 0-0: SINGLE (Flyball, 8RM)
Batting: RHB Clark Calhoun 0-0: Called Strike
0-1: Ball
1-1: Fly out, F6 (Popup, 6D)
Batting: RHB Henry Weber 0-0: Ball
1-0: Ball
2-0: Called Strike
2-1: Ball
3-1: Foul Ball, location: 2F
3-2: Foul Ball, location: 2F
3-2: Fly out, F8 (Flyball, 8RXD)
Top of the 2nd over - 0 run(s), 1 hit(s), 0 error(s), 1 left on base; Ft. Polk South 0 - Salem 0
BOTTOM OF THE 2ND
Salem Misfits batting - Pitching for Ft. Polk South Thunder Hawks : RHP Larry Neal
Batting: RHB Steve Duncan 0-0: Called Strike
0-1: Foul Ball, location: 2F
0-2: Strikes out looking
Batting: LHB Nathan Tanner 0-0: Ball
1-0: Ground out 6-3 (Groundball, 6)
Batting: SHB Jim Unknown 0-0: Ball
1-0: Swinging Strike
1-1: Ball
2-1: Called Strike
2-2: Fly out, F8 (Flyball, 8RM)
Bottom of the 2nd over - 0 run(s), 0 hit(s), 0 error(s), 0 left on base; Ft. Polk South 0 - Salem 0
TOP OF THE 3RD
Ft. Polk South Thunder Hawks batting - Pitching for Salem Misfits : RHP Bartolo Ramírez
Batting: RHB Tim Norris 0-0: Foul Ball, location: 2F
0-1: Ball
1-1: Ball
2-1: DOUBLE (Groundball, 5L)
Batting: RHB Jim Unknown 0-0: Fly out, F9 (Flyball, 89M)
Runner from 2nd tags up, SAFE at 3rd with throw
Batting: RHB Steven Grant 0-0: Ball
1-0: Ball
2-0: Swinging Strike
2-1: Foul Ball, location: 2F
2-2: Ball
3-2: Strikes out swinging
Batting: RHB Aurelio Annunziato 0-0: Ground out 6-3 (Groundball, 56)
Top of the 3rd over - 0 run(s), 1 hit(s), 0 error(s), 1 left on base; Ft. Polk South 0 - Salem 0
BOTTOM OF THE 3RD
Salem Misfits batting - Pitching for Ft. Polk South Thunder Hawks : RHP Larry Neal
Batting: SHB Jim Unknown 0-0: Called Strike
0-1: SINGLE (Line Drive, 8LS)
Batting: RHB Jim Unknown 0-0: Fly out, F8 (Flyball, 8LD)
Batting: SHB Alonso Márquez 0-0: Ball
1-0: Called Strike
1-1: Ball
2-1: Foul Ball, location: 2F
2-2: Ball
3-2: Foul Ball, location: 2F
3-2: Strikes out swinging
Batting: LHB Micheal Garren 0-0: Ball
1-0: Foul Ball, location: 2F
1-1: Called Strike
1-2: Strikes out swinging
Bottom of the 3rd over - 0 run(s), 1 hit(s), 0 error(s), 1 left on base; Ft. Polk South 0 - Salem 0
TOP OF THE 4TH
Ft. Polk South Thunder Hawks batting - Pitching for Salem Misfits : RHP Bartolo Ramírez
Batting: SHB Ted Hansen 0-0: Foul Ball, location: 2F
0-1: Ball
1-1: Foul Ball, location: 2F
1-2: Ground out 1-3 (Groundball, 23)
Batting: LHB José López 0-0: Ball
1-0: Called Strike
1-1: SINGLE (Groundball, 56D) (infield hit)
Batting: SHB Paul Wright 0-0: Ball
1-0: Called Strike
1-1: Ball
2-1: Ball
3-1: Base on Balls
José López to second
Batting: RHB Clark Calhoun 0-0: Ball
Wild Pitch!
José López to third
Paul Wright to second
1-0: Fly out, F6 (Line Drive, 6M)
Batting: RHB Henry Weber 0-0: Ball
1-0: Called Strike
1-1: Ball
2-1: Foul Ball, location: 2F
2-2: Strikes out looking
Top of the 4th over - 0 run(s), 1 hit(s), 0 error(s), 2 left on base; Ft. Polk South 0 - Salem 0
BOTTOM OF THE 4TH
Salem Misfits batting - Pitching for Ft. Polk South Thunder Hawks : RHP Larry Neal
Batting: RHB António Martínez 0-0: Ball
1-0: Swinging Strike
1-1: Foul Ball, location: 2F
1-2: Foul Ball, location: 2F
1-2: Strikes out swinging
Batting: LHB Júlio Valentín 0-0: Ball
1-0: SINGLE (Groundball, 6)
Batting: RHB Steve Duncan 0-0: Ground out 5-3 (Groundball, 5S)
Júlio Valentín to second
Batting: LHB Nathan Tanner 0-0: Ground out 4-3 (Groundball, 4)
Bottom of the 4th over - 0 run(s), 1 hit(s), 0 error(s), 1 left on base; Ft. Polk South 0 - Salem 0
TOP OF THE 5TH
Ft. Polk South Thunder Hawks batting - Pitching for Salem Misfits : RHP Bartolo Ramírez
Batting: RHB Tim Norris 0-0: Foul Ball, location: 2F
0-1: Foul Ball, location: 2F
0-2: Strikes out swinging
Batting: RHB Jim Unknown 0-0: SINGLE (Groundball, 5L)
Batting: RHB Steven Grant 0-0: Ball
1-0: Ball
Jim Unknown steals 2nd base
2-0: Foul Ball, location: 2F
2-1: Swinging Strike
2-2: Foul Ball, location: 2F
2-2: Strikes out swinging
Batting: RHB Aurelio Annunziato 0-0: SINGLE (Groundball, 56)
Jim Unknown to third
Runner from 3rd tries for Home, throw and OUT!
Top of the 5th over - 0 run(s), 2 hit(s), 0 error(s), 1 left on base; Ft. Polk South 0 - Salem 0
BOTTOM OF THE 5TH
Salem Misfits batting - Pitching for Ft. Polk South Thunder Hawks : RHP Larry Neal
Batting: SHB Jim Unknown 0-0: SINGLE (Popup, 7LS)
Batting: SHB Jim Unknown 0-0: Ball
1-0: Ball
Jim Unknown steals 2nd base
2-0: SINGLE (Flyball, 7S)
Jim Unknown to third
Runner from 3rd tries for Home, SAFE, no throw or cutoff
Batting: RHB Jim Unknown 0-0: Bunted foul
0-1: Bunted foul
0-2: Ball
1-2: SINGLE (Groundball, 6MD)
Jim Unknown to second
Batting: SHB Alonso Márquez 0-0: Bunt missed!
0-1: Ball
1-1: Bunt missed!
1-2: Strikes out swinging
Batting: LHB Micheal Garren 0-0: Swinging Strike
0-1: Ball
1-1: Foul Ball, location: 2F
1-2: Grounds into double play, 5-4-3 (Groundball, 56)
Bottom of the 5th over - 1 run(s), 3 hit(s), 0 error(s), 1 left on base; Ft. Polk South 0 - Salem 1
TOP OF THE 6TH
Ft. Polk South Thunder Hawks batting - Pitching for Salem Misfits : RHP Bartolo Ramírez
Batting: SHB Ted Hansen 0-0: Foul Ball, location: 2F
0-1: Foul Ball, location: 2F
0-2: Foul Ball, location: 2F
0-2: Strikes out swinging
Batting: LHB José López 0-0: Called Strike
0-1: Called Strike
0-2: DOUBLE (Groundball, 3D)
Batting: SHB Paul Wright 0-0: Ball
1-0: Fly out, F8 (Flyball, 8RM)
Batting: RHB Clark Calhoun 0-0: Ball
1-0: Fly out, F7 (Flyball, 7LMF)
Top of the 6th over - 0 run(s), 1 hit(s), 0 error(s), 1 left on base; Ft. Polk South 0 - Salem 1
BOTTOM OF THE 6TH
Salem Misfits batting - Pitching for Ft. Polk South Thunder Hawks : RHP Larry Neal
Batting: RHB António Martínez 0-0: SINGLE (Groundball, 56D)
Batting: LHB Júlio Valentín 0-0: Ground out 4-3 (Groundball, 34D)
António Martínez to second
Batting: RHB Steve Duncan 0-0: Called Strike
0-1: Ball
1-1: Called Strike
1-2: Strikes out looking
Batting: LHB Nathan Tanner 0-0: Ball
1-0: Ball
2-0: TRIPLE (Flyball, 8LM)
António Martínez scores
Batting: SHB Jim Unknown 0-0: Fly out, F3 (Popup, 34S)
Bottom of the 6th over - 1 run(s), 2 hit(s), 0 error(s), 1 left on base; Ft. Polk South 0 - Salem 2
TOP OF THE 7TH
Ft. Polk South Thunder Hawks batting - Pitching for Salem Misfits : RHP Bartolo Ramírez
Batting: RHB Henry Weber 0-0: Swinging Strike
0-1: Ball
1-1: SOLO HOME RUN (Flyball, 78XD), Distance : 415 ft
Batting: RHB Tim Norris 0-0: Ball
1-0: Foul Ball, location: 2F
1-1: Called Strike
1-2: Ground out 6-3 (Groundball, 6M)
Batting: RHB Jim Unknown 0-0: Ball
1-0: Swinging Strike
1-1: Called Strike
1-2: Ball
2-2: Ball
3-2: Ground out 4-3 (Groundball, 4M)
Batting: RHB Steven Grant 0-0: Ball
1-0: Foul Ball, location: 2F
1-1: Swinging Strike
1-2: Strikes out looking
Top of the 7th over - 1 run(s), 1 hit(s), 0 error(s), 0 left on base; Ft. Polk South 1 - Salem 2
BOTTOM OF THE 7TH
Salem Misfits batting - Pitching for Ft. Polk South Thunder Hawks : RHP Larry Neal
Batting: SHB Jim Unknown 0-0: Ground out 4-3 (Groundball, 4)
Batting: RHB Jim Unknown 0-0: Ball
1-0: Reached on error, E1 (Groundball, 13S)
Pinch Hitting: SHB Jim Unknown 0-0: Ball
1-0: Ball
2-0: Grounds into double play, 4-6-3 (Groundball, 4)
Bottom of the 7th over - 0 run(s), 0 hit(s), 1 error(s), 0 left on base; Ft. Polk South 1 - Salem 2
TOP OF THE 8TH
Ft. Polk South Thunder Hawks batting - Pitching for Salem Misfits : RHP Bartolo Ramírez
Now at 2B: Jim Unknown
Batting: RHB Aurelio Annunziato 0-0: Called Strike
0-1: Ball
1-1: Foul Ball, location: 2F
1-2: Foul Ball, location: 2F
1-2: Foul Ball, location: 2F
1-2: Strikes out swinging
Batting: SHB Ted Hansen 0-0: Ball
1-0: Called Strike
1-1: Ball
2-1: Foul Ball, location: 2F
2-2: Ball
3-2: Foul Ball, location: 2F
3-2: Foul Ball, location: 2F
3-2: Strikes out swinging
Batting: LHB José López 0-0: Called Strike
0-1: SINGLE (Groundball, 4MD) (infield hit)
Pitching: RHP Jim Unknown
Batting: SHB Paul Wright 0-0: Ball
1-0: Called Strike
1-1: Ball
2-1: Ball
3-1: Base on Balls
José López to second
Batting: RHB Clark Calhoun 0-0: Called Strike
0-1: Ball
1-1: Ground out 4-3 (Groundball, 4)
Top of the 8th over - 0 run(s), 1 hit(s), 0 error(s), 2 left on base; Ft. Polk South 1 - Salem 2
BOTTOM OF THE 8TH
Salem Misfits batting - Pitching for Ft. Polk South Thunder Hawks : RHP Larry Neal
Batting: LHB Micheal Garren 0-0: Called Strike
0-1: Ball
1-1: Foul Ball, location: 2F
1-2: Ground out U3 (Groundball, 3S)
Batting: RHB António Martínez 0-0: Ground out 6-3 (Groundball, 56)
Batting: LHB Júlio Valentín 0-0: Ball
1-0: Foul Ball, location: 2F
1-1: Ball
2-1: Fly out, F5 (Popup, 5SF)
Bottom of the 8th over - 0 run(s), 0 hit(s), 0 error(s), 0 left on base; Ft. Polk South 1 - Salem 2
TOP OF THE 9TH
Ft. Polk South Thunder Hawks batting - Pitching for Salem Misfits : RHP Jim Unknown
Batting: RHB Henry Weber 0-0: SINGLE (Line Drive, 9S)
Batting: RHB Tim Norris 0-0: Ball
1-0: Sac Bunt - play at second, runner OUT! 1-6
Batting: RHB Jim Unknown 0-0: Ball
1-0: Called Strike
1-1: Called Strike
1-2: Foul Ball, location: 2F
1-2: Foul Ball, location: 2F
1-2: Strikes out swinging
Batting: RHB Steven Grant 0-0: Ball
1-0: Swinging Strike
1-1: Ball
2-1: Foul Ball, location: 2F
2-2: Strikes out swinging
Top of the 9th over - 0 run(s), 1 hit(s), 0 error(s), 1 left on base; Ft. Polk South 1 - Salem 2
This league is powered by Out of the Park Baseball, the baseball management simulation game for PC, Mac and Linux
Friday, October 23rd, 2015 - OOTP Baseball 16.9 Build 39